 Dungeon Crawl Stone Soup version 0.24-a0-769-g368c1644f8 (webtiles) character file.

Game seed: 17337672090495479677, levelgen mode: deterministic

49978 MalarOregon the Thaumaturge (level 14, -4/108 HPs)
             Began as a Purple Draconian Fire Elementalist on Oct 4, 2019.
             Was the Champion of Fedhas.
             Killed from afar by a necromancer (27 damage)
             ... with a bolt of cold
             ... on level 6 of the Lair of Beasts.
             The game lasted 00:52:15 (28975 turns).

MalarOregon the Thaumaturge (DrFE)                 Turns: 28975, Time: 00:52:16

Health: -4/108     AC: 15    Str: 10    XL:     14   Next: 18%
Magic:  25/31      EV: 13    Int: 20    God:    Fedhas [******]
Gold:   1510       SH:  9    Dex: 13    Spells: 16/39 levels left

rFire    + . .     SeeInvis .   z - staff of fire
rCold    . . .     Gourm    .   w - +0 shield
rNeg     . . .     Faith    +   (armour unavailable)
rPois    .         Spirit   .   E - +2 hat
rElec    +         Reflect  .   o - +1 cloak {MR+}
rCorr    .         Harm     .   x - +1 pair of gloves of Rotation {rElec}
MR       +++..                  s - +0 pair of boots
Stlth    ++........             A - amulet of faith {!P}
HPRegen  0.28/turn              N - ring of flight
MPRegen  0.22/turn              (no ring)

@: studying Fire Magic
A: breathe power, unfitting armour, cold-blooded, AC +8
a: Breathe Dispelling Energy, Wall of Briars, Grow Ballistomycete, Overgrow,
Grow Oklob, Renounce Religion, Evoke Flight


You were on level 6 of the Lair of Beasts.
You worshipped Fedhas.
Fedhas was exalted by your worship.
You were not hungry.

You visited 4 branches of the dungeon, and saw 19 of its levels.
You also visited: Bailey.

You collected 1510 gold pieces.

Inventory:

Hand Weapons
 K - a +4 scimitar of flaming
   (You took it off Erica on level 1 of the Lair of Beasts)
Missiles
 b - 8 throwing nets (quivered) {!f}
Armour
 o - a +1 cloak of magic resistance (worn)
   (You took it off Maurice on level 8 of the Dungeon)
 s - a +0 pair of boots (worn)
   (You found it on level 4 of the Dungeon)
 w - a +0 shield (worn)
   (You found it on level 7 of the Dungeon)
 x - the +1 pair of gloves of Rotation (worn) {rElec}
   (You found it in a bailey)

   It insulates you from electricity.
 D - a +0 large shield
   (You found it on level 10 of the Dungeon)
 E - a +2 hat (worn)
   (You took it off Gastronok on level 10 of the Dungeon)
Magical Staves
 j - an uncursed staff of wizardry {!a}
   (You found it on level 8 of the Dungeon)
 z - an uncursed staff of fire (weapon)
   (You found it in a bailey)
 M - an uncursed staff of summoning {unknown}
   (You found it on level 3 of the Lair of Beasts)
Jewellery
 A - an amulet of faith (around neck) {!P}
   (You found it on level 7 of the Dungeon)
 N - a ring of flight (left hand)
   (You found it on level 4 of the Lair of Beasts)
Wands
 d - a wand of iceblast (6)
   (You found it on level 9 of the Dungeon)
 q - a wand of polymorph (6)
   (You took it off Maurice on level 8 of the Dungeon)
 u - a wand of paralysis (17)
   (You found it on level 10 of the Dungeon)
 v - a wand of digging (2)
   (You took it off Erica on level 1 of the Lair of Beasts)
 H - a wand of enslavement (9)
   (You found it on level 11 of the Dungeon)
Scrolls
 g - 7 scrolls of identify {@r1}
 n - 4 scrolls of amnesia
 B - 3 scrolls of magic mapping
 C - 6 scrolls of remove curse {@r2}
 F - 4 scrolls of blinking
 J - a scroll of summoning
 L - a scroll of immolation {!r}
 O - a scroll of vulnerability {!r}
 S - 2 scrolls of enchant weapon
Potions
 c - 2 potions of cancellation
 f - 3 potions of haste {@q3}
 h - 3 potions of flight
 i - 3 potions of invisibility
 k - 3 potions of lignification {!q}
 l - a potion of might
 m - 2 potions of mutation {!q}
 p - 4 potions of curing {@q1}
 r - 3 potions of brilliance
 t - 2 potions of magic
 I - a potion of ambrosia
Books
 Q - a manual of Fire Magic {!d}
   (You found it on level 4 of the Lair of Beasts)
Miscellaneous
 G - a sack of spiders
Comestibles
 e - 28 rations {!d}
 P - 6 chunks of flesh


   Skills:
 + Level 5.7 Fighting
 + Level 5.3 Staves
 + Level 5.2 Dodging
 - Level 1.7 Stealth
 + Level 6.2 Shields
 * Level 13.1 Spellcasting
 * Level 10.3 Conjurations
 + Level 4.2 Summonings
 * Level 11.4 Fire Magic
 * Level 9.3 Invocations
 * Level 8.6 Evocations


You had 16 spell levels left.
You knew the following spells:

 Your Spells              Type           Power        Failure   Level  Hunger
a - Flame Tongue          Conj/Fire      #####        1%          1    None
b - Fireball              Conj/Fire      ######....   4%          5    ####...
c - Summon Ice Beast      Ice/Summ       ###.....     54%         4    None
d - Conjure Flame         Conj/Fire      ######..     1%          3    None
q - Sticky Flame          Conj/Fire      ######..     1%          4    None
x - Throw Flame           Conj/Fire      ######       1%          2    None
z - Summon Lightning Spi  Summ/Air       ###.....     54%         4    None

Your spell library contained the following spells:

 Spells                   Type           Power        Failure   Level  Hunger
 Shock                    Conj/Air       ####         1%          1    None
 Summon Small Mammal      Summ           ####         2%          1    None
 Throw Frost              Conj/Ice       ####..       2%          2    None
 Call Imp                 Summ           ####....     4%          2    None
 Inner Flame              Hex/Fire       ######..     4%          3    None
 Call Canine Familiar     Summ           ####....     9%          3    None
 Apportation              Tloc           ##....       16%         1    None
 Freeze                   Ice            ##..         16%         1    None
 Throw Icicle             Conj/Ice       ####....     19%         4    None
 Summon Guardian Golem    Hex/Summ       ###.....     21%         3    None
 Bolt of Magma            Conj/Fire/Erth ######....   22%         5    ####...
 Poisonous Vapours        Pois/Air       ##....       24%         2    None
 Swiftness                Chrm/Air       ##......     24%         2    None
 Gell's Gravitas          Tloc           ##........   43%         3    None
 Ozocubu's Armour         Chrm/Ice       ##......     43%         3    None
 Iskenderun's Battlesphe  Conj/Chrm      ####....     45%         5    ####...
 Venom Bolt               Conj/Pois      ####......   45%         5    ####...
 Summon Forest            Summ/Tloc      ###.......   88%         5    ####...
 Orb of Destruction       Conj           ######....   88%         7    #######
 Conjure Ball Lightning   Conj/Air       ####......   96%         6    #####..
 Iron Shot                Conj/Erth      ####......   96%         6    #####..
 Spellforged Servitor     Conj/Summ      #####.....   100%        7    #######


Dungeon Overview and Level Annotations

Branches:
Dungeon (11/15)            Temple (1/1) D:6            Lair (6/6) D:9
 Shoals (0/4) Lair:4       Spider (1/4) Lair:4        Slime (0/5) Lair:5
 Bailey (visited)
    Orc: D:9-12

Altars:
Ashenzari
Cheibriados
Dithmenos
Elyvilon
Fedhas
Gozag
Hepliaklqana
Kikubaaqudgha
Makhleb
Nemelex Xobeh
Okawaru
Qazlal
Ru
Sif Muna
Trog
Uskayaw
Vehumet
Wu Jian
Xom
Yredelemnul
Zin
The Shining One
Beogh

Annotations:
D:11 3 runed translucent doors, Gall2222's ghost, journeyman DsAE
Lair:3 3 runed translucent doors, Viasus's ghost, journeyman GnAr


Innate Abilities, Weirdness & Mutations

You can breathe bolts of dispelling energy.
Your rich purple scales are hard. (AC +8)
You cannot fit into any form of body armour.
You are cold-blooded and may be slowed by cold attacks.


Message History

Okay, then.
Aim: an elephant (chance to defeat MR: 35%)
The elephant suddenly stops moving!
The blink frog blinks!
You can't see that place.
The rock shatters into small pieces.
Your magical contamination has completely faded away.
A wolf simulacrum comes into view.
Found a scroll of remove curse.
Unknown command.
A crocodile comes into view.
Aim: a wolf simulacrum You feel a surge of power!
The flame tongue hits the wolf simulacrum!
The wolf simulacrum melts!
The wolf simulacrum vapourises!
Fedhas accepts your kill.
You hear a sizzling sound!
Aim: a crocodile
Okay, then.
You walk carefully through the plants.
The crocodile closely misses you.
Aim: a crocodile You feel a surge of power!
The sticky flame hits the crocodile!
The crocodile is covered in liquid flames!
The crocodile burns!
You block the crocodile's attack.
The crocodile burns!
The crocodile burns!
The crocodile bites the plant!
The crocodile burns!
The crocodile bites the plant!
Found a weird jewelled staff.
The crocodile burns!
You kill the crocodile!
Fedhas accepts your kill.
A necromancer comes into view. It is wielding a +0 dagger.
You see here a weird jewelled staff.
You start resting.
Eating one of 7 chunks of flesh.
You eat one of the 7 chunks of flesh.
You start resting.
The necromancer is too close now for your liking.
Unknown command.
Aim: a necromancer, wielding a +0 dagger and wearing a +0 robe (hasn't noticed you)
You feel a surge of power!
The puff of flame hits the necromancer!
The necromancer shouts!
Aim: a necromancer, wielding a +0 dagger and wearing a +0 robe (moderately wounded)
You feel a surge of power!
The puff of flame misses the necromancer.
Aim: a necromancer, wielding a +0 dagger and wearing a +0 robe (moderately wounded)
You feel a surge of power!
The puff of flame hits the necromancer.
The necromancer casts a spell at you. The bolt of cold hits you!!
You die...
Fedhas appreciates your contribution to the ecosystem.

..####......................
### #...........#.........P
#......P...............
######....PP........p.......
..P...#...P#.P.#............
....#.....PPP..............#
..........PPP.......|...P...
..........P............P.P..
.....######.##..@##......###
...## #########.#.P..# ###
########


You could see a necromancer.

Vanquished Creatures
  Gastronok (D:10)
  Harold (D:10)
  5 hydras
  Erica (Lair:1)
  4 two-headed ogres
  5 death yaks (Lair:4)
  An unseen horror (D:10)
  A lindwurm (Lair:5)
  2 orc knights (Bailey)
  2 harpies (Lair:6)
  4 cyclopes
  2 wolf spiders
  Maurice (D:8)
  A torpor snail (Lair:6)
  8 black mambas
  15 elephants
  13 spiny frogs
  A rime drake (Lair:6)
  5 komodo dragons
  A troll (D:10)
  A jumping spider (Spider:1)
  Grinder (D:3)
  3 slime creatures (Lair:5)
  3 polar bears (Lair:6)
  12 blink frogs
  8 hippogriffs
  2 redbacks (Spider:1)
  Sigmund (D:3)
  19 yaks
  2 wyverns
  A steam dragon (D:9)
  3 basilisks
  Grum (D:8)
  Menkaure (D:4)
  Duvessa (D:6)
  17 water moccasins
  7 porcupines
  An ice beast (D:6)
  6 orc warriors
  5 sky beasts
  A black bear (D:6)
  4 ogres
  4 phantoms
  18 wolves
  2 centaurs
  8 crocodiles
  A big kobold (D:8)
  10 bullfrogs
  Dowan (D:6)
  3 scorpions
  12 killer bees
  2 electric eels (Lair:4)
  A howler monkey (D:6)
  2 crimson imps
  A bullfrog zombie (D:10)
  5 hounds
  2 jellies
  8 orc wizards
  5 orc priests
  4 centaur skeletons
  6 iguanas
  10 worker ants
  A wolf simulacrum (Lair:6)
  A hound skeleton (D:8)
  Robin (D:4)
  6 gnolls (D:4)
  10 adders
  2 shadow imps
  3 oozes
  An adder zombie (D:9)
  An adder skeleton (D:4)
  5 worms
  3 dart slugs
  4 leopard geckos
  42 orcs
  2 ball pythons
  6 giant cockroaches
  16 goblins
  12 hobgoblins
  15 jackals
  12 kobolds
  5 quokkas
  5 bats
  8 frilled lizards
  7 rats (D:2)
  A spectral orc (D:2)
448 creatures vanquished.

Vanquished Creatures (collateral kills)
  A scorpion (D:8)
  2 crimson imps (D:8)
3 creatures vanquished.

Vanquished Creatures (others)
  A bullfrog (Lair:3)
  A bush (Lair:4)
  15 fungi
  32 plants
  5 toadstools (D:1)
54 creatures vanquished.

Grand Total: 505 creatures vanquished

Notes
Turn   | Place    | Note
-------+----------+-------------------------------------------
     0 | D:1      | MalarOregon the Draconian Fire Elementalist began the quest
                  | for the Orb.
     0 | D:1      | Reached XP level 1. HP: 14/14 MP: 3/3
   419 | D:1      | Reached XP level 2. HP: 20/20 MP: 0/5
   476 | D:1      | Learned a level 2 spell: Throw Flame
  1418 | D:2      | Reached XP level 3. HP: 26/26 MP: 1/7
  1488 | D:2      | Learned a level 3 spell: Conjure Flame
  1761 | D:2      | Reached skill level 3 in Spellcasting
  2066 | D:2      | Noticed a moth of wrath
  2068 | D:2      | Found a bloodstained altar of Trog.
  2182 | D:2      | Reached XP level 4. HP: 33/33 MP: 3/8
  2656 | D:2      | Found a basalt altar of Yredelemnul.
  2993 | D:3      | Noticed Grinder
  3071 | D:3      | Noticed Sigmund
  3212 | D:3      | Paralysed by Grinder for 2 turns
  3216 | D:3      | Paralysed by Grinder for 3 turns
  3219 | D:3      | Killed Grinder
  3219 | D:3      | Reached skill level 4 in Spellcasting
  3219 | D:3      | Reached XP level 5. HP: 13/38 MP: 0/11
  3219 | D:3      | Reached XP level 6. HP: 16/45 MP: 0/12
  3309 | D:3      | Learned a level 4 spell: Sticky Flame
  3961 | D:3      | Found a stormy altar of Qazlal.
  4067 | D:3      | Killed Sigmund
  4067 | D:3      | Reached skill level 5 in Spellcasting
  4067 | D:3      | Your scales start taking on a rich purple colour.
  4067 | D:3      | Reached skill level 6 in Spellcasting
  4067 | D:3      | Reached XP level 7. HP: 38/50 MP: 8/16
  4645 | D:4      | Reached skill level 5 in Fire Magic
  4836 | D:4      | Learned a level 5 spell: Fireball
  5057 | D:4      | Noticed Menkaure
  5060 | D:4      | Killed Menkaure
  5060 | D:4      | Reached skill level 7 in Spellcasting
  5277 | D:4      | Found an iron altar of Okawaru.
  5573 | D:4      | Noticed Robin
  5578 | D:4      | Killed Robin
  6276 | D:5      | Entered Level 5 of the Dungeon
  6289 | D:5      | Reached XP level 8. HP: 32/57 MP: 5/19
  6650 | D:5      | Reached skill level 8 in Spellcasting
  6919 | D:5      | Found a shadowy altar of Dithmenos.
  7085 | D:6      | Noticed Duvessa
  7085 | D:6      | Noticed Dowan
  7096 | D:6      | Killed Duvessa
  7096 | D:6      | Reached skill level 5 in Conjurations
  7097 | D:6      | Killed Dowan
  7365 | D:6      | Found a staircase to the Ecumenical Temple.
  7384 | Temple   | Entered the Ecumenical Temple
  7768 | D:6      | Found a white marble altar of Elyvilon.
  7851 | D:6      | Reached skill level 9 in Spellcasting
  7905 | D:6      | Found a hazy altar of Hepliaklqana.
  7927 | D:6      | Learned a level 4 spell: Summon Ice Beast
  7932 | D:6      | Learned a level 4 spell: Summon Lightning Spire
  8598 | D:7      | Found a snail-covered altar of Cheibriados.
  8598 | D:7      | Found a blossoming altar of Fedhas.
  8599 | D:7      | Found a radiant altar of Vehumet.
  8600 | D:7      | Found a shimmering blue altar of Sif Muna.
  8601 | D:7      | Found a shimmering altar of Xom.
  8611 | D:7      | Became a worshipper of Fedhas Madash
  8959 | D:7      | Reached XP level 9. HP: 58/62 MP: 15/22
  8964 | D:7      | Reached skill level 1 in Invocations
  9019 | D:7      | Reached skill level 1 in Shields
  9062 | D:7      | Found a flagged portal.
  9068 | Bailey   | Entered a bailey
  9482 | Bailey   | Noticed an orc knight
  9483 | Bailey   | Reached * piety under Fedhas
  9485 | Bailey   | Noticed an orc knight
 10764 | Bailey   | Killed an orc knight
 10764 | Bailey   | Reached skill level 10 in Spellcasting
 11068 | Bailey   | Killed an orc knight
 11201 | Bailey   | Got a pair of steaming gloves
 11289 | Bailey   | Identified the +1 pair of gloves of Rotation {rElec} (You
                  | found it in a bailey)
 11406 | D:7      | Found a sacrificial altar of Ru.
 11450 | D:7      | Reached XP level 10. HP: 48/69 MP: 0/24
 11644 | D:7      | Reached skill level 1 in Evocations
 11915 | D:7      | Reached skill level 1 in Staves
 12265 | D:8      | Noticed Maurice
 12281 | D:8      | Killed Maurice
 12877 | D:8      | Noticed Grum
 12901 | D:8      | Killed Grum
 12901 | D:8      | Reached ** piety under Fedhas
 12901 | D:8      | Reached skill level 1 in Fighting
 13309 | D:8      | Noticed a two-headed ogre
 13326 | D:8      | Killed a two-headed ogre
 13326 | D:8      | Reached skill level 11 in Spellcasting
 13652 | D:9      | Found an opulent altar of Gozag.
 13669 | D:9      | Noticed a two-headed ogre
 13678 | D:9      | Killed a two-headed ogre
 13678 | D:9      | Reached skill level 5 in Invocations
 13897 | D:9      | Noticed a two-headed ogre
 13931 | D:9      | Killed a two-headed ogre
 13931 | D:9      | Reached XP level 11. HP: 60/79 MP: 13/26
 14041 | D:9      | Found a shattered altar of Ashenzari.
 14251 | D:9      | Reached *** piety under Fedhas
 14440 | D:9      | Found a staircase to the Lair.
 15149 | D:10     | Entered Level 10 of the Dungeon
 15247 | D:10     | Noticed a two-headed ogre
 15259 | D:10     | Killed a two-headed ogre
 15501 | D:10     | Noticed an unseen horror
 15504 | D:10     | Killed an unseen horror
 15664 | D:10     | Noticed Harold
 15675 | D:10     | Killed Harold
 15676 | D:10     | Identified a scroll of acquirement
 15856 | D:10     | Noticed Gastronok
 15887 | D:10     | Killed Gastronok
 15887 | D:10     | Reached skill level 5 in Evocations
 16536 | D:11     | Noticed a six-headed hydra
 16653 | D:10     | Killed a six-headed hydra
 16653 | D:10     | Reached skill level 1 in Summonings
 17075 | D:11     | Reached **** piety under Fedhas
 17202 | D:10     | Reached XP level 12. HP: 70/89 MP: 13/27
 17683 | D:11     | Reached skill level 5 in Shields
 17792 | D:11     | Noticed Gall2222's ghost (journeyman DsAE)
 17793 | D:11     | Found a runed translucent gate.
 17793 | D:11     | Found a runed translucent gate.
 17793 | D:11     | Found a runed translucent gate.
 17794 | D:11     | Found a roughly hewn altar of Beogh.
 17795 | D:11     | Found the +3 pair of gauntlets of War {Slay+5}
 17796 | D:11     | Identified the +6 great sword "Gaockab" {slice, rF++}
 17965 | Lair:1   | Entered Level 1 of the Lair of Beasts
 18340 | Lair:1   | Reached skill level 12 in Spellcasting
 18611 | Lair:1   | Noticed Erica
 18775 | Lair:1   | Killed Erica
 19735 | Lair:2   | Reached ***** piety under Fedhas
 20892 | Lair:3   | Noticed a five-headed hydra
 20905 | Lair:3   | Killed a five-headed hydra
 21215 | Lair:3   | Found a runed translucent gate.
 21408 | Lair:3   | Identified the Grimoire of Aerial Orientation
 21742 | Lair:3   | Found a runed translucent gate.
 21742 | Lair:3   | Found a runed translucent gate.
 21744 | Lair:3   | Noticed Viasus's ghost (journeyman GnAr)
 21916 | Lair:3   | Reached XP level 13. HP: 57/99 MP: 9/29
 22407 | Lair:4   | Found a hole to the Spider Nest.
 22702 | Lair:4   | Reached skill level 10 in Fire Magic
 24193 | Lair:4   | Found a staircase to the Shoals.
 24422 | Lair:4   | Reached skill level 5 in Fighting
 24447 | Lair:4   | HP: 3/100 [death yak (21)]
 25478 | Spider:1 | Entered Level 1 of the Spider Nest
 25901 | Lair:5   | Reached skill level 10 in Conjurations
 26107 | Lair:5   | Reached skill level 5 in Staves
 27023 | Lair:5   | Reached skill level 5 in Dodging
 27091 | Lair:5   | Reached skill level 13 in Spellcasting
 27507 | Lair:5   | Found a staircase to the Slime Pits.
 27828 | Lair:6   | Entered Level 6 of the Lair of Beasts
 27839 | Lair:5   | Reached ****** piety under Fedhas
 28020 | Lair:6   | Reached XP level 14. HP: 107/107 MP: 26/31
 28975 | Lair:6   | Killed from afar by a necromancer

Levels and vault maps discovered:
D:1:      ldierk_walled_garden, layout_loops_ring
D:2:      layout_loops_ring, tgw_trog, yredelemnul_forgotten_temple_becter
D:3:      layout_loops_ring, nicolae_overflow_hidden_temple, uniq_sigmund,
          uniq_grinder
D:4:      layout_basic, okawaru_trees_1, first_ration, uniq_menkaure, uniq_robin
D:5:      layout_cave_pools, grunt_dithmenos_shadows
D:6:      layout_basic, elyvilon_altar_1, nicolae_overflow_crystal_walls,
          minmay_temple_entry_statues_pillars, uniq_duvessa
D:7:      layout_basic, grunt_temple_overflow_open, enter_bailey_3,
          grunt_ogre_cave, minivault_4, nicolae_ru_sacrificial_ziggurat
D:8:      layout_loops_ring, uniq_maurice, uniq_grum
D:9:      layout_basic, overflow_temple_1_default, old_standard_altar,
          david_lair_generic
D:10:     layout_long_grid, chequers_serial_rivers_micro_b, uniq_harold,
          uniq_gastronok
D:11:     layout_loops_ring, biasface_ghost_orc_armoury
Temple:   compressed_dpeg_triangle_lava_temple
Lair:1:   layout_misc_corridors, uniq_erica
Lair:2:   layout_layer_cave
Lair:3:   layout_layer_cave, gammafunk_ghost_necromancy,
          minmay_lair_oklob_chamber, lemuel_fruit_tree
Lair:4:   layout_big_grid, elwin_shoals_entry_rooms, spider_nest_entry_rubble,
          minmay_shattered_shrine
Lair:5:   layout_gridlike, minmay_slime_entry_pillars, beast_lair_carwin_8
Lair:6:   gammafunk_lair_ancient_temple, layout_gridlike,
          small_statue_intersection, chequers_serial_rivers_small_3,
          eino_house_with_fridge
Spider:1: layout_spider_delve, guppyfry_spider_mini_3

Skill      XL: |  1  2  3  4  5  6  7  8  9 10 11 12 13 |
---------------+----------------------------------------+-----
Spellcasting   | 3 4 6 7 9 10 11 12 13 | 13.1
Conjurations   | 2 3 4 5 6 7 8 9 10 | 10.3
Fire Magic     | 4 5 6 7 8 9 11 | 11.4
Invocations    | 3 5 6 8 9 |  9.3
Shields        | 3 4 5 6 |  6.2
Evocations     | 3 5 6 8 |  8.6
Staves         | 2 3 4 5 |  5.3
Dodging        | 2 3 4 5 |  5.2
Fighting       | 2 3 4 5 |  5.7
Summonings     | 1 2 4 |  4.2
Stealth        | |  1.7

Action                   |  1- 3 |  4- 6 |  7- 9 | 10-12 | 13-15 || total
-------------------------+-------+-------+-------+-------+-------++-------
Melee: Unarmed           |    16 |       |       |     5 |       ||    21
       Tailslap          |     2 |     4 |    18 |    27 |    22 ||    73
       Short sword       |    11 |     1 |    63 |       |       ||    75
       Long sword        |       |    36 |    41 |       |       ||    77
       Staff             |       |       |    13 |   271 |   196 ||   480
Throw: Dart              |       |       |       |     3 |       ||     3
 Cast: Flame Tongue      |    64 |    50 |   218 |   247 |    43 ||   622
       Throw Flame       |    17 |    20 |    78 |    25 |    13 ||   153
       Sticky Flame      |       |       |    12 |   132 |   111 ||   255
       Fireball          |       |       |    14 |    10 |    19 ||    43
       Conjure Flame     |       |       |       |     6 |     3 ||     9
       Summon Lightning  |       |       |       |     2 |       ||     2
Invok: Wall of Briars    |       |       |       |       |     1 ||     1
 Abil: Breathe Dispellin |       |       |     1 |     1 |       ||     2
Evoke: Wand              |       |       |       |       |     5 ||     5
  Use: Potion            |       |     2 |       |       |     4 ||     6
       Scroll            |       |       |    18 |     6 |     9 ||    33
 Stab: Distracted        |       |     1 |       |       |       ||     1
       Sleeping          |       |       |     1 |     1 |       ||     2
  Eat: Chunk             |     5 |     7 |    42 |    30 |    12 ||    96
       Ration            |       |       |       |     2 |     4 ||     6
Armor: Skin              |     8 |    18 |   105 |   180 |   126 ||   437
Dodge: Dodged            |    31 |    26 |   132 |   250 |   184 ||   623
Block: Shield            |       |       |    15 |   219 |   195 ||   429
       Rpst.: Long sword |       |     7 |    14 |       |       ||    21

Table legend:
 A = Non-vault XP
 B = Vault XP
 C = Vault XP percentage of total XP
 D = Non-vault monster count
 E = Vault monster count
 F = Vault count percentage of total count
                 A         B        C        D         E       F
            +---------+---------+-------+---------+---------+-------
      Total |   50729 |   20669 |  28.9 |     356 |      95 |  21.1
            +---------+---------+-------+---------+---------+-------
        D:1 |      34 |       0 |   0.0 |      17 |       0 |   0.0
        D:2 |      78 |      18 |  18.8 |      30 |       6 |  16.7
        D:3 |     234 |     513 |  68.7 |      23 |       2 |   8.0
        D:4 |     233 |     208 |  47.2 |      18 |      12 |  40.0
        D:5 |     339 |     118 |  25.8 |      16 |       1 |   5.9
        D:6 |     657 |     236 |  26.4 |      14 |       2 |  12.5
        D:7 |    1472 |     130 |   8.1 |      27 |       5 |  15.6
        D:8 |    2353 |    1115 |  32.2 |      29 |       6 |  17.1
        D:9 |    3671 |     950 |  20.6 |      27 |       4 |  12.9
       D:10 |    4932 |    3309 |  40.2 |      16 |       2 |  11.1
       D:11 |    2724 |       0 |   0.0 |      24 |       0 |   0.0
     Lair:1 |    2058 |     934 |  31.2 |      14 |       1 |   6.7
     Lair:2 |    5284 |       0 |   0.0 |      18 |       0 |   0.0
     Lair:3 |    4695 |     256 |   5.2 |      19 |       2 |   9.5
     Lair:4 |    9976 |    2776 |  21.8 |      27 |       8 |  22.9
     Lair:5 |    6878 |    4270 |  38.3 |      24 |      11 |  31.4
     Lair:6 |    3793 |    4048 |  51.6 |       9 |      12 |  57.1
   Spider:1 |    1318 |       0 |   0.0 |       4 |       0 |   0.0
     Bailey |       0 |    1788 | 100.0 |       0 |      21 | 100.0
            +---------+---------+-------+---------+---------+-------
